 Dungeon Crawl Stone Soup version 0.18.1-5-g4a78601 (webtiles) character file.

105 barb4r1an the Charmwright (level 4, 0/30 HPs)
             Began as a High Elf Skald on May 13, 2016.
             Slain by Natasha (8 damage)
             ... on level 2 of the Dungeon.
             The game lasted 00:03:24 (2335 turns).

barb4r1an the Charmwright (High Elf Skald)          Turns: 2335, Time: 00:03:25

Health: 0/30       AC:  3    Str: 12    XL:     4   Next: 54%
Magic:  5/10       EV: 12    Int: 16    God:
Gold:   96         SH:  0    Dex: 14    Spells: 4 memorised, 2 levels left

rFire  . . .     SeeInvis .     a - +0 falchion
rCold  . . .     Gourm    .     b - +0 leather armour
rNeg   . . .     Faith    .     (no shield)
rPois  .         Spirit   .     (no helmet)
rElec  .         Dismiss  .     (no cloak)
rCorr  .         Reflect  .     (no gloves)
SustAt .         Harm     .     (no boots)
MR     .....                    (no amulet)
Stlth  +.........               (no ring)
                                (no ring)

@: infused, very slightly contaminated, not resistant to hostile enchantments,
very unstealthy
A: no striking features
a: no special abilities


You were on level 2 of the Dungeon.
You were hungry.

You visited 1 branch of the dungeon, and saw 2 of its levels.

You collected 96 gold pieces.

Inventory:

Hand Weapons
 a - a +0 falchion (weapon)
Armour
 b - a +0 leather armour (worn)
Jewellery
 h - an uncursed ring of protection from cold {unknown}
Scrolls
 e - 2 scrolls of identify {unknown}
 g - 2 scrolls of remove curse {unknown}
 i - a scroll of teleportation {unknown}
 k - a scroll of recharging {unknown}
 m - a scroll of fog {unknown}
 n - a scroll of fear {unknown}
Books
 c - a book of Battle

   Spells                             Type                      Level
   a - Infusion                       Charms                       1
   b - Shroud of Golubria             Charms/Translocation         2
   c - Song of Slaying                Charms                       2
   d - Spectral Weapon                Hexes/Charms                 3
   e - Regeneration                   Charms/Necromancy            3
Comestibles
 d - a bread ration
 f - 2 beef jerkies


   Skills:
 + Level 2.6 Fighting
 + Level 2.8 Long Blades
 - Level 1.1 Armour
 + Level 1.9 Dodging
 * Level 3.6 Spellcasting
 * Level 4.4 Charms


You had 2 spell levels left.
You knew the following spells:

 Your Spells              Type           Power        Failure   Level  Hunger
a - Infusion              Chrm           ###.         4%          1    None
b - Song of Slaying       Chrm           ###.....     8%          2    ##.....
c - Shroud of Golubria    Chrm/Tloc      ##........   14%         2    ##.....
d - Regeneration          Chrm/Necr      ##........   28%         3    ###....


Dungeon Overview and Level Annotations

Branches:
Dungeon (2/15)

Altars:

Annotations:
D:2 Natasha, Robin


Message History

Confirm with . or Enter, or press ? or * to list all spells.
You miscast Infusion.
Your skin tingles.
Natasha claws you.
* * * LOW HITPOINT WARNING * * *
Casting: Infusion
Confirm with . or Enter, or press ? or * to list all spells.
You begin infusing your attacks with magical energy.
Natasha barely misses you.
You closely miss Natasha. Natasha barely misses you.
You closely miss Natasha. Natasha barely misses you. x2
You hit Natasha.
Natasha is moderately wounded.
Natasha mumbles some strange words.
You hit Natasha.
Natasha is moderately wounded.
Natasha stares at you and mumbles some strange words.
You resist with some effort.
You hit Natasha.
Natasha is heavily wounded.
Natasha claws you!
You die...

#...........#
#..
#.........รท.#
###
#...........#
#...........#
#......(....#
#...........#
###########5#
#h# #@# #)#
... .....
......#
.......#
#.......#
#.......#


You could see Natasha and a crimson imp.

Vanquished Creatures
  Ijyb (D:2)
  Natasha (D:2)
  An adder (D:2)
  A worm (D:2)
  2 ball pythons (D:1)
  4 bats
  4 giant cockroaches (D:2)
  6 goblins
  7 hobgoblins
  2 jackals (D:1)
  A quokka (D:2)
  4 giant newts
  4 kobolds
  5 rats
43 creatures vanquished.

Notes
Turn   | Place    | Note
--------------------------------------------------------------
     0 | D:1      | barb4r1an the High Elf Skald began the quest for the Orb.
     0 | D:1      | Reached XP level 1. HP: 14/14 MP: 4/4
   171 | D:1      | Reached skill level 1 in Armour
   193 | D:1      | Reached XP level 2. HP: 14/19 MP: 6/6
  1177 | D:2      | Learned a level 2 spell: Song of Slaying
  1180 | D:2      | Learned a level 2 spell: Shroud of Golubria
  1423 | D:2      | Reached XP level 3. HP: 22/24 MP: 8/8
  1453 | D:2      | Noticed Robin
  1476 | D:2      | Learned a level 3 spell: Regeneration
  1486 | D:2      | Reached skill level 4 in Charms
  1918 | D:2      | Noticed Natasha
  1924 | D:2      | Killed Natasha
  1924 | D:2      | Reached XP level 4. HP: 23/30 MP: 6/10
  2135 | D:2      | Noticed Ijyb
  2152 | D:2      | HP: 2/45 [poisoned by Ijyb]
  2156 | D:2      | Killed Ijyb
  2328 | D:2      | Noticed Natasha
  2335 | D:2      | Slain by Natasha

Skill      XL: |  1  2  3 |
---------------+----------+-----
Armour         | 1 |  1.1
Spellcasting   | 3 |  3.6
Charms         | 4 |  4.4
Fighting       | |  2.6
Long Blades    | |  2.8
Dodging        | |  1.9

Action                   |  1- 3 |  4- 6 || total
-------------------------+-------+-------++-------
Melee: Falchion          |   128 |    37 ||   165
 Cast: Infusion          |     1 |     3 ||     4
       Song of Slaying   |     1 |     2 ||     3
       Shroud of Golubri |     1 |       ||     1
  Use: Potion            |       |     2 ||     2
  Eat: Chunk             |     3 |     1 ||     4
Armor: Leather armour    |    32 |     4 ||    36
       Skin              |       |     5 ||     5
Dodge: Dodged            |    84 |    20 ||   104
